 Dungeon Crawl Stone Soup version 0.24.0-123-gd5b16e6ec5 (webtiles) character file.

Game seed: 13456154339103324530, levelgen mode: deterministic

4031 Locuples the Grappler (level 10, 0/91 HPs)
             Began as a Troll Berserker on Jan 28, 2020.
             Was a High Priest of Trog.
             Slain by a hornet (3 damage)
             ... while paralysed by a hornet
             ... on level 8 of the Dungeon.
             The game lasted 00:23:36 (5900 turns).

Locuples the Grappler (Troll Berserker)             Turns: 5900, Time: 00:23:37

Health: 0/91       AC: 10    Str: 30    XL:     10   Next: 4%
Magic:  9/9        EV:  1    Int:  3    God:    Trog [*****.]
Gold:   327        SH:  0    Dex:  9    Spells: 9/9 levels left

rFire    . . .     SeeInvis .     - Unarmed
rCold    . . .     Gourm    +   x - +2 shield
rNeg     . . .     Faith    .   g - +0 robe
rPois    .         Spirit   .   (helmet restricted)
rElec    .         Reflect  .   e - +0 cloak
rCorr    .         Harm     .   (gloves unavailable)
MR       +....                  (boots unavailable)
Stlth    +.........             (no amulet)
HPRegen  0.65/turn              o - ring of protection from magic
MPRegen  0.11/turn              w - +3 ring of protection

@: paralysed, lethally poisoned (0 -> -12), berserk cooldown, slowed
A: large, unfitting armour, claws 3, fast metabolism 3, gourmand, regeneration
1, shaggy fur 1, tough skin 3
a: Berserk, Trog's Hand, Brothers in Arms, Renounce Religion


You were on level 8 of the Dungeon.
You worshipped Trog.
Trog was extremely pleased with you.
You were completely stuffed.

You visited 1 branch of the dungeon, and saw 8 of its levels.

You collected 472 gold pieces.
You spent 145 gold pieces at shops.

Inventory:

Armour
 e - a +0 cloak (worn)
 g - a +0 robe (worn)
 x - a +2 shield (worn)
Jewellery
 k - an uncursed ring of ice
 l - an uncursed ring of fire
 o - a ring of protection from magic (left claw)
 w - a +3 ring of protection (right claw)
Wands
 s - a wand of polymorph (9)
 C - a wand of paralysis (12)
Scrolls
 h - 3 scrolls of remove curse
 i - 3 scrolls of enchant armour {unknown}
 p - 2 scrolls of teleportation {unknown}
 r - 4 scrolls of identify
 u - a scroll of immolation {unknown}
 y - a scroll of blinking {unknown}
Potions
 a - a potion of mutation {unknown}
 c - 2 potions of haste
 d - a potion of brilliance {unknown}
 f - a potion of might {unknown}
 j - 2 potions of curing
 m - 3 potions of agility
 n - a potion of lignification {unknown}
 q - a potion of berserk rage {unknown}
 v - a potion of ambrosia {unknown}
 z - a potion of degeneration {unknown}
 A - a potion of flight {unknown}
Comestibles
 b - 14 rations
 B - 4 chunks of flesh


   Skills:
 + Level 3.5 Fighting
 + Level 5.4 Dodging
 + Level 2.8 Shields
 * Level 12.4 Unarmed Combat


You had 9 spell levels left.
You didn't know any spells.
Your spell library contained the following spells:

 Spells                   Type           Power        Failure   Level  Hunger
 Summon Small Mammal      Summ           #...         92%         1    ##.....
 Call Imp                 Summ           #.......     98%         2    ###....
 Call Canine Familiar     Summ           #.......     100%        3    ####...
 Summon Guardian Golem    Hex/Summ       #.......     100%        3    ####...
 Summon Ice Beast         Ice/Summ       #.......     100%        4    #####..
 Summon Lightning Spire   Summ/Air       #.......     100%        4    #####..


Dungeon Overview and Level Annotations

Branches:
Dungeon (8/15)             Temple (0/1) D:7
   Lair: D:8-11

Altars:
Dithmenos
Elyvilon
Hepliaklqana
Kikubaaqudgha
Makhleb
Ru
Trog
Uskayaw
Yredelemnul
Zin

Shops:
D:4 **(**   D:6 :   D:7 !


Innate Abilities, Weirdness & Mutations

You are too large for most types of armour.
You have claws for hands.
Your metabolism is lightning-fast.
You like to eat raw meat.
Your natural rate of healing is unusually fast.
You are covered in fur. (AC +1)
You have extremely tough skin. (AC +3)


Message History

You feel as though you will be slow longer.
You can move again.
You feel sick. The hornet stings you.
* * * LOW HITPOINT WARNING * * *
You feel as though you will be slow longer.
You feel much better.
You feel sick. You block the hornet's attack. The hornet stings you!
* * * LOW HITPOINT WARNING * * *
You are more poisoned.
You suddenly lose the ability to move!
You feel sick. The hornet stings you!
* * * LOW HITPOINT WARNING * * *
You are lethally poisoned!
You shrug off the repeated paralysis!
The hornet stings you.
* * * LOW HITPOINT WARNING * * *
You feel as though you will be slow longer.
* * * LOW HITPOINT WARNING * * *
You feel very sick. The hornet stings you.
You die...

...### ....# # #...#
######### #. #...#
#.......# #..#...#
#.......# # #.#...#
#.......#
...#.....#######)......#
........@'.....[)..>...#
..##..y.####..#########
#....####..#
##...#.....#
#...#.###.##
##..#......#
##.#####..###### #.#
#..##...# .. #.......#


You could see a hornet.

Vanquished Creatures
  Pikel (D:6)
  Grum (D:8)
  Menkaure (D:7)
  Edmund (D:4)
  A water moccasin (D:7)
  An ice beast (D:7)
  3 orc warriors
  A sky beast (D:6)
  A black bear (D:6)
  2 ogres
  4 phantoms
  3 wolves (D:8)
  A centaur (D:5)
  The ghost of Xerdoz the Changer, an amateur OpTm (D:3)
  Blork the orc (D:4)
  2 bullfrogs
  A scorpion (D:5)
  4 killer bees (D:7)
  2 howler monkeys
  A crimson imp (D:5)
  A centaur zombie (D:6)
  A bullfrog zombie (D:5)
  3 hounds (D:4)
  2 centaur skeletons
  6 orc priests
  2 bullfrog skeletons
  10 orc wizards
  2 iguanas
  2 worker ants
  2 hound skeletons
  7 gnolls (D:3)
  2 howler monkey skeletons
  3 adders
  2 shadow imps
  An ooze (D:1)
  2 adder zombies (D:7)
  4 adder skeletons
  A worm (D:4)
  4 dart slugs
  5 leopard geckos
  33 orcs
  7 giant cockroaches
  7 goblins
  9 hobgoblins
  4 jackals
  3 quokkas
  A ball python (D:4)
  5 bats
  6 frilled lizards
  7 kobolds
  12 rats
189 creatures vanquished.

Vanquished Creatures (collateral kills)
  A phantom (D:5)
1 creature vanquished.

Vanquished Creatures (others)
  4 slaves (D:6)
  An orc wizard (D:6)
  2 orcs (D:6)
7 creatures vanquished.

Grand Total: 197 creatures vanquished

Notes
Turn   | Place    | Note
-------+----------+-------------------------------------------
     0 | D:1      | Locuples the Troll Berserker began the quest for the Orb.
     0 | D:1      | Reached XP level 1. HP: 22/22 MP: 0/0
   338 | D:1      | Reached XP level 2. HP: 29/29 MP: 1/1
   929 | D:1      | Reached ** piety under Trog
   929 | D:1      | Reached XP level 3. HP: 36/36 MP: 2/2
  1474 | D:2      | Reached skill level 4 in Unarmed Combat
  1950 | D:3      | Found a white marble altar of Elyvilon.
  2000 | D:3      | Reached XP level 4. HP: 16/44 MP: 3/3
  2029 | D:3      | Reached *** piety under Trog
  2029 | D:3      | Reached skill level 5 in Unarmed Combat
  2113 | D:3      | Reached XP level 5. HP: 48/50 MP: 4/4
  2239 | D:3      | Found a sacrificial altar of Ru.
  2291 | D:3      | Found a runed translucent gate.
  2291 | D:3      | Found a runed translucent gate.
  2291 | D:3      | Found a runed translucent gate.
  2369 | D:3      | Noticed Xerdoz's ghost (amateur OpTm)
  2377 | D:3      | Killed Xerdoz's ghost
  2377 | D:3      | Reached skill level 6 in Unarmed Combat
  2377 | D:3      | Reached XP level 6. HP: 59/59 MP: 5/5
  2612 | D:4      | Found Upasonitz's Assorted Antiques.
  2630 | D:4      | Bought a sapphire ring for 145 gold pieces
  2681 | D:4      | Reached skill level 7 in Unarmed Combat
  2695 | D:4      | Reached XP level 7. HP: 66/66 MP: 6/6
  2727 | D:4      | Noticed Blork the orc
  2736 | D:4      | Killed Blork the orc
  2765 | D:4      | Found Ona Uwn's Assorted Antiques.
  2766 | D:4      | Found Voabbyho's General Store.
  2768 | D:4      | Found Jelued's Antique Weapon Shop.
  2769 | D:4      | Found Seutatut's Assorted Antiques.
  2840 | D:4      | Noticed Edmund
  2849 | D:4      | Killed Edmund
  2849 | D:4      | Reached skill level 8 in Unarmed Combat
  3236 | D:4      | Found a burning altar of Makhleb.
  3355 | D:5      | Entered Level 5 of the Dungeon
  3685 | D:5      | Reached **** piety under Trog
  3690 | D:5      | Reached XP level 8. HP: 75/75 MP: 7/7
  3727 | D:5      | Found a hazy altar of Hepliaklqana.
  3738 | D:5      | Reached skill level 9 in Unarmed Combat
  4100 | D:5      | Reached skill level 10 in Unarmed Combat
  4270 | D:6      | Found a bloodstained altar of Trog.
  4446 | D:6      | Reached skill level 1 in Shields
  4447 | D:6      | Found Qatwepy's Book Shop.
  4449 | D:6      | Noticed Pikel
  4456 | D:6      | Reached XP level 9. HP: 83/83 MP: 8/8
  4460 | D:6      | Killed Pikel
  4460 | D:6      | Reached skill level 11 in Unarmed Combat
  4782 | D:6      | Found a glowing silver altar of Zin.
  4782 | D:6      | Found an ancient bone altar of Kikubaaqudgha.
  4787 | D:6      | Found a faded altar of an unknown god.
  4789 | D:6      | Found a basalt altar of Yredelemnul.
  4791 | D:6      | Found a shadowy altar of Dithmenos.
  5073 | D:7      | Found Barphopt's Distillery.
  5093 | D:7      | Reached skill level 5 in Dodging
  5232 | D:7      | Found a hide-covered altar of Uskayaw.
  5243 | D:7      | Found a staircase to the Ecumenical Temple.
  5391 | D:7      | Noticed Menkaure
  5399 | D:7      | Killed Menkaure
  5399 | D:7      | Reached ***** piety under Trog
  5472 | D:7      | Reached skill level 12 in Unarmed Combat
  5790 | D:8      | Noticed Grum
  5808 | D:8      | Killed Grum
  5863 | D:8      | Reached XP level 10. HP: 91/91 MP: 9/9
  5891 | D:8      | Paralysed by a hornet for 3 turns
  5896 | D:8      | Paralysed by a hornet for 1 turns
  5898 | D:8      | Paralysed by a hornet for 3 turns
  5900 | D:8      | HP: 3/91 [poisoned by a hornet]
  5900 | D:8      | Slain by a hornet

Levels and vault maps discovered:
D:1:      matt_arrival_spirals, layout_basic, nrook_mini_backslash,
          minmay_close_crescents
D:2:      layout_basic, minmay_misc_feat_tiny
D:3:      layout_rooms, lemuel_crystal_altar, elyvilon_altar_5,
          gammafunk_ghost_necromancy, first_ration
D:4:      layout_cave_pods, serial_shops, shop, minmay_shop_grid_forest,
          makhleb_blood_cavern_becter, uniq_blork_the_orc, uniq_edmund
D:5:      layout_gridville, nicolae_overflow_hidden_temple
D:6:      layout_basic, chequers_temple_overflow_minitemple, basic_altar,
          serial_shops, shop, uniq_pikel
D:7:      layout_gridville, overflow_temple_1_default,
          minmay_temple_entry_large_hall, serial_shops, nicolae_shop_waterfront,
          uniq_menkaure
D:8:      layout_basic, lemuel_round_altar, serial_shops, shop,
          uniq_prince_ribbit1, uniq_grum

Skill      XL: |  1  2  3  4  5  6  7  8  9 |
---------------+----------------------------+-----
Unarmed Combat | 4 5 6 7 8 10 12 | 12.4
Dodging        | 3 4 5 |  5.4
Fighting       | 3 |  3.5
Shields        | 1 2 |  2.8

Action                   |  1- 3 |  4- 6 |  7- 9 | 10-12 || total
-------------------------+-------+-------+-------+-------++-------
Melee: Unarmed           |   111 |   101 |   331 |     9 ||   552
       Punch             |     1 |     4 |     4 |       ||     9
Invok: Berserk           |       |     4 |     8 |       ||    12
       Brothers in Arms  |       |       |     1 |       ||     1
  Use: Potion            |     2 |     1 |       |     2 ||     5
       Scroll            |       |       |     2 |       ||     2
 Stab: Sleeping          |     1 |       |       |       ||     1
  Eat: Chunk             |    20 |    13 |    38 |     1 ||    72
Armor: Animal skin       |     4 |       |       |       ||     4
       Robe              |    61 |    30 |   106 |     2 ||   199
Dodge: Dodged            |    86 |    37 |    96 |       ||   219
Block: Shield            |       |       |   111 |     4 ||   115
